 Dungeon Crawl Stone Soup version 0.24.0-7-gb3623d2c88 (webtiles) character file.

Game seed: 10084980268244884636, levelgen mode: deterministic

181933 Mesmaeker13 the Destroyer (level 17, -1/90 HPs)
             Began as an Octopode Conjurer on Nov 1, 2019.
             Was the Champion of Hepliaklqana.
             Hit by a silver javelin thrown by a merfolk javelineer (6 damage)
             ... on level 2 of the Shoals on Nov 2, 2019.
             The game lasted 03:02:28 (48394 turns).

Mesmaeker13 the Destroyer (Octopode Conjurer)      Turns: 48394, Time: 03:02:37

Health: -1/90      AC:  1    Str: 10    XL:     17   Next: 95%
Magic:  33/40      EV: 28    Int: 27    God:    Hepliaklqana [******]
Gold:   1987       SH: 22    Dex: 18    Spells: 14/36 levels left

rFire    + . .     SeeInvis +   M - +5 demon trident (flame)
rCold    + . .     Gourm    .   k - +4 shield of Hiagh {*Contam rF+ Int+6}
rNeg     . . .     Faith    .   (helmet restricted)
rPois    +         Spirit   .   u - +6 amulet of reflection
rElec    .         Reflect  +   s - ring of poison resistance
rCorr    .         Harm     .   f - ring of stealth
MR       +++..                  x - ring of magical power
Stlth    ++++++....             y - ring of protection from magic
HPRegen  0.25/turn              Q - ring of protection from cold
MPRegen  0.27/turn              e - ring of Dawn {EV+4 Dex+5}
                                m - ring of see invisible
                                U - ring of protection from magic

@: no status effects
A: almost no armour, stealthy swim, amphibious, 8 rings, constrict 8, reduced
essence, camouflage 1, gelatinous body 1
}: 1/15 runes: gossamer
a: Recall Ancestor, Ancestor Identity, Transference, Idealise, Renounce Religion


You were on level 2 of the Shoals.
You worshipped Hepliaklqana.
Hepliaklqana was exalted by your worship.
You were not hungry.

You visited 5 branches of the dungeon, and saw 29 of its levels.

You collected 3286 gold pieces.
You spent 1299 gold pieces at shops.

Inventory:

Hand Weapons
 M - a +5 demon trident of flaming (weapon)
 X - a +1 trident of protection
Missiles
 o - 5 atropa-tipped darts
 S - 15 javelins (quivered)
Armour
 k - the +4 shield of Hiagh (worn) {*Contam rF+ Int+6}
   (You acquired it on level 1 of the Lair of Beasts)

   It affects your intelligence (+6).
   It protects you from fire.
   It causes magical contamination when unequipped.
Jewellery
 e - the ring of Dawn (on tentacle) {EV+4 Dex+5}
   (You found it on level 11 of the Dungeon)

   [ring of evasion]

   It affects your evasion (+4).
   It affects your dexterity (+5).
 f - a ring of stealth (right tentacle)
 m - a ring of see invisible (on tentacle)
 s - a ring of poison resistance (left tentacle)
 u - a +6 amulet of reflection (around mantle)
 x - a ring of magical power (on tentacle)
 y - a ring of protection from magic (on tentacle)
 G - an uncursed amulet of the acrobat
 Q - a ring of protection from cold (on tentacle)
 U - a ring of protection from magic (on tentacle)
 V - an uncursed ring of positive energy
Wands
 d - a wand of paralysis (22)
 T - a wand of iceblast (14)
 W - a wand of flame (62)
Scrolls
 a - 12 scrolls of remove curse
 c - 3 scrolls of teleportation
 i - 8 scrolls of fog
 j - a scroll of magic mapping
 n - 4 scrolls of blinking
 r - a scroll of holy word
 v - a scroll of enchant armour
 z - 2 scrolls of summoning
 O - a scroll of amnesia
Potions
 g - a potion of heal wounds
 h - 5 potions of flight
 l - 3 potions of haste
 p - 2 potions of brilliance
 w - 2 potions of cancellation {unknown}
 A - 2 potions of mutation
 B - 3 potions of resistance
 D - 4 potions of might
 E - 3 potions of berserk rage
 H - 2 potions of agility
 J - 3 potions of lignification
 L - 3 potions of ambrosia
 N - 2 potions of magic
 P - 7 potions of curing
Comestibles
 b - 14 rations
 q - 2 chunks of flesh


   Skills:
 - Level 4.2 Fighting
 - Level 8.0 Polearms
 - Level 14.0 Dodging
 - Level 8.7 Stealth
 + Level 11.2 Shields
 - Level 10.0 Spellcasting
 + Level 14.4 Conjurations
 - Level 10.0 Hexes
 - Level 6.3 Charms
 - Level 10.0 Necromancy
 - Level 7.0 Translocations
 - Level 5.0 Invocations


You had 14 spell levels left.
You knew the following spells:

 Your Spells              Type           Power        Failure   Level  Hunger
a - Magic Dart            Conj           ####         1%          1    None
b - Animate Dead          Necr           N/A          1%          4    None
c - Dazzling Spray        Conj/Hex       ######       1%          3    None
d - Fulminant Prism       Conj/Hex       ######....   1%          4    None
e - Confuse               Hex            ######..     1%          3    None
f - Force Lance           Conj/Tloc      ######..     1%          4    None
g - Regeneration          Chrm/Necr      ######....   1%          3    None

Your spell library contained the following spells:

 Spells                   Type           Power        Failure   Level  Hunger
 Animate Skeleton         Necr           N/A          1%          1    None
 Apportation              Tloc           ######       1%          1    None
 Confusing Touch          Hex            ######       1%          1    None
 Pain                     Necr           ####         1%          1    None
 Searing Ray              Conj           ######       1%          2    None
 Gell's Gravitas          Tloc           ######....   1%          3    None
 Vampiric Draining        Necr           ######....   1%          3    None
 Iskenderun's Mystic Bla  Conj           ######..     1%          4    None
 Swiftness                Chrm/Air       ####....     2%          2    None
 Summon Guardian Golem    Hex/Summ       #####...     2%          3    None
 Passage of Golubria      Tloc           N/A          3%          4    None
 Freeze                   Ice            ##..         7%          1    None
 Summon Small Mammal      Summ           ##..         7%          1    None
 Call Imp                 Summ           ##......     11%         2    None
 Passwall                 Tmut/Erth      ##......     11%         2    None
 Darkness                 Hex            ######....   17%         6    #####..
 Invisibility             Hex            ######..     17%         6    #####..
 Call Canine Familiar     Summ           ##......     21%         3    None
 Metabolic Englaciation   Hex/Ice        #####.....   24%         5    ####...
 Yara's Violent Unravell  Hex/Tmut       #####.....   24%         5    ####...
 Petrify                  Tmut/Erth      ##......     56%         4    None
 Summon Ice Beast         Ice/Summ       ##......     56%         4    None
 Summon Lightning Spire   Summ/Air       ##......     56%         4    None
 Lee's Rapid Deconstruct  Erth           ##........   88%         5    ####...


Dungeon Overview and Level Annotations

Branches:
Dungeon (15/15) Temple (0/1) D:4 Lair (6/6) D:10 Shoals (2/4) Lair:4 Spider (4/4) Lair:2 Slime (0/5) Lair:6 Orc (2/2) D:11 Elf (0/3) Orc:2 Vaults (0/5) D:13 D:14 Depths (0/5) D:15

Altars:
Cheibriados
Dithmenos
Fedhas
Hepliaklqana
Makhleb
Okawaru
Ru
Trog
Xom
Zin

Shops:
D:6 =   D:8 *   D:11 ?*   Orc:2 (*%}   Shoals:1 [

Annotations:
D:3 1 runed translucent door, Crazy Yiuf
Lair:6 4 exclusions


Innate Abilities, Weirdness & Mutations

You cannot wear most types of armour.
You are very stealthy in the water. (Stealth+)
You are amphibious.
You can wear up to eight rings at the same time.
You can use your tentacles to constrict eight enemies at once.
Your skin changes colour to match your surroundings (Stealth+).
Your rubbery body absorbs attacks. (AC +1, EV +1)
Your life essence is reduced to manifest your ancestor. (-10% HP)


Message History

You conjure a prism of explosive energy!
The merfolk javelineer throws a silver javelin.
The silver javelin pierces through you!!
Unknown command.
Your fulminant prism crackles loudly.
The merfolk javelineer throws a silver javelin.
The silver javelin pierces through your fulminant prism!
The silver javelin pierces through you!!
* * * LOW HITPOINT WARNING * * *
Some of the chunks of flesh in your inventory have rotted away.
There is a stone staircase leading up, spattered with blood here.
You see here a silver javelin.
The merfolk javelineer throws a silver javelin.
The silver javelin pierces through your fulminant prism!!
Your fulminant prism explodes!
The blast of energy engulfs Henutmehyt!!
Henutmehyt is moderately damaged.
The silver javelin pierces through you!
* * * LOW HITPOINT WARNING * * *
You die...

........ .
......# ..
#.....#
...##...≈.#
......≈≈≈≈#
.m..R...≈≈#
...../....#
........@.#
.≈....#.(≈≈.....
.≈... ##..≈.....
...≈ ...≈....≈
≈.. .≈≈≈...≈≈ ≈.
≈≈≈≈≈≈..≈≈ ≈
≈≈≈≈≈≈≈<.≈
≈≈≈≈≈≈≈≈≈≈≈


You could see the friendly Henutmehyt the knight and a merfolk javelineer.

Vanquished Creatures
  4 ghost moths (Spider:4)
  3 emperor scorpions
  Nessos (D:13)
  3 entropy weavers
  2 spark wasps (Spider:4)
  4 hydras
  2 merfolk avatars (Shoals:1)
  2 catoblepae (Lair:6)
  3 centaur warriors
  A death knight (D:15)
  6 two-headed ogres
  5 death yaks (Lair:6)
  A queen ant (Spider:3)
  2 orc high priests (Orc:2)
  A skeletal warrior (D:15)
  A fire crab (Shoals:1)
  3 unseen horrors
  2 sea snakes (Shoals:1)
  4 orc knights
  10 wolf spiders
  A deep elf mage (D:13)
  A wolf spider zombie (D:13)
  7 ugly things (D:14)
  4 orb spiders
  2 orc sorcerers (Orc:2)
  4 manticores
  A faun (Shoals:1)
  3 cyclopes
  2 moths of wrath (Spider:4)
  3 oklob plants
  A spriggan zombie (D:15)
  4 black mambas
  6 elephants
  A merfolk siren (Shoals:1)
  A molten gargoyle (D:14)
  A gargoyle (D:9)
  A torpor snail (Lair:6)
  9 spiny frogs
  An orange demon (D:12)
  3 rime drakes
  2 centaur skeletons (D:14)
  A komodo dragon (D:15)
  An efreet (D:13)
  2 demonic crawlers
  A red devil (D:12)
  8 jumping spiders
  3 trolls
  2 merfolk (Shoals:1)
  7 dream sheep
  2 snapping turtles
  6 hornets
  20 blink frogs
  3 slime creatures
  8 hippogriffs
  A blink frog (shapeshifter) (D:15)
  A meliai zombie (D:14)
  A vampire (D:12)
  2 shadows
  16 tarantellas
  2 fire bats (D:11)
  4 wyverns (Lair:6)
  41 redbacks
  A wraith (D:8)
  10 humans (D:13)
  4 basilisks
  A hungry ghost (D:14)
  8 steam dragons (Lair:2)
  46 yaks
  5 vampire mosquitoes
  A warg (Orc:2)
  20 soldier ants
  A hell hound (Lair:6)
  6 porcupines
  14 water moccasins
  15 orc warriors
  2 sky beasts (D:11)
  2 black bears
  7 ogres
  2 phantoms
  11 centaurs
  7 wolves
  6 crocodiles
  A big kobold (D:12)
  15 bullfrogs
  A wyvern zombie (D:11)
  3 scorpions
  A wyvern skeleton (D:9)
  7 killer bees
  3 wights
  4 howler monkeys
  A vampire bat (D:11)
  2 electric eels
  6 crimson imps
  3 centaur zombies
  A quasit (D:10)
  A bullfrog zombie (D:12)
  4 bullfrog skeletons
  8 jellies
  11 orc priests
  5 hounds
  11 orc wizards
  7 iron imps (D:12)
  2 iguanas
  20 worker ants
  2 hell rats (D:11)
  23 knights
  14 adders
  2 gnolls (D:5)
  3 river rats (D:11)
  2 shadow imps
  11 oozes
  An adder skeleton (D:8)
  3 worms
  4 leopard geckos
  46 orcs
  4 giant cockroaches
  7 hobgoblins
  8 jackals
  5 quokkas
  5 ball pythons
  13 bats
  2 frilled lizards (D:3)
  4 goblins
  13 kobolds
  9 rats
  A bush (D:15)
  11 fulminant prisms
  6 fungi
  8 plants
743 creatures vanquished.

Vanquished Creatures (collateral kills)
  Jorgrun (Orc:1)
  A ghost moth (Spider:4)
  An emperor scorpion (Spider:4)
  An entropy weaver (Spider:2)
  4 spark wasps
  Erolcha (Orc:1)
  5 hydras
  3 centaur warriors
  A catoblepas (Lair:6)
  An alligator snapping turtle (Shoals:1)
  A two-headed ogre (D:11)
  A death yak (Lair:6)
  An orc high priest (Orc:2)
  A skeletal warrior (D:15)
  A fire crab (Shoals:1)
  4 sea snakes (Shoals:1)
  2 tengu zombies (D:15)
  A necromancer (D:15)
  A phantasmal warrior (D:15)
  A lindwurm (Lair:4)
  3 orc knights (Orc:2)
  9 orb spiders
  11 wolf spiders
  An orc sorcerer (Orc:2)
  3 cyclopes
  7 ugly things
  3 manticores
  A stone giant zombie (D:15)
  2 moths of wrath
  3 elephants
  2 centaur zombies
  9 rime drakes
  2 demonic crawlers
  2 komodo dragons
  2 merfolk (Shoals:1)
  13 jumping spiders
  2 trolls
  2 hornets (Spider:4)
  7 hippogriffs
  4 slime creatures
  5 blink frogs
  32 redbacks
  A shadow (D:15)
  6 tarantellas
  2 wyverns
  13 yaks
  A fire bat (Shoals:1)
  A hungry ghost (D:13)
  6 humans (D:13)
  7 basilisks
  3 steam dragons
  3 soldier ants (Spider:3)
  An acid dragon (Lair:2)
  4 wargs
  6 water moccasins
  A hell hound (Lair:6)
  A porcupine (Lair:2)
  9 orc warriors
  A black bear (D:9)
  2 necrophages
  A wolf (Lair:1)
  7 centaurs
  5 ogres
  5 crocodiles
  9 bullfrogs
  A wyvern skeleton (D:7)
  3 killer bees
  A howler monkey (D:8)
  8 wights
  A vampire bat (D:11)
  3 jellies
  A lava snake (D:8)
  2 quasits
  An iron imp (D:12)
  3 orc priests
  8 orc wizards
  A centaur skeleton (D:6)
  4 bullfrog skeletons
  5 worker ants
  An iguana (D:8)
  A gnoll (D:5)
  5 adders
  A river rat (D:11)
  A shadow imp (D:10)
  2 oozes
  2 adder zombies
  A worm (D:2)
  13 orcs
  2 giant cockroaches
  A hobgoblin (D:2)
  A kobold (D:12)
  A ball python (D:11)
  3 bats
  A frilled lizard (D:2)
  A jackal skeleton (D:6)
  A quokka zombie (D:6)
  2 rats (D:11)
  A fungus (Lair:2)
336 creatures vanquished.

Vanquished Creatures (others)
  A centaur warrior (D:13)
  An orb spider (Spider:4)
  A shadow (D:13)
  A redback (Spider:2)
  A centaur (D:13)
  An orc wizard (D:7)
  25 knights
  4 ancestors (D:4)
  309 fulminant prisms
  32 fungi
  18 plants
  7 toadstools (D:1)
  2 withered plants (D:15)
403 creatures vanquished.

Grand Total: 1482 creatures vanquished

Notes
Turn   | Place    | Note
-------+----------+-------------------------------------------
     0 | D:1      | Mesmaeker13 the Octopode Conjurer began the quest for the
                  | Orb.
     0 | D:1      | Reached XP level 1. HP: 11/11 MP: 3/3
   317 | D:1      | Reached XP level 2. HP: 11/17 MP: 1/5
   942 | D:1      | Reached XP level 3. HP: 7/21 MP: 0/6
  1295 | D:2      | Found a hazy altar of Hepliaklqana.
  1300 | D:2      | Became a worshipper of Hepliaklqana the Forgotten
  1547 | D:2      | Learned a level 2 spell: Searing Ray
  2233 | D:2      | Reached XP level 4. HP: 23/24 MP: 3/8
  2516 | D:2      | Reached * piety under Hepliaklqana
  3561 | D:3      | Found a runed translucent door.
  3562 | D:3      | Noticed Crazy Yiuf
  3748 | D:3      | Learned a level 3 spell: Dazzling Spray
  3860 | D:3      | Reached XP level 5. HP: 21/27 MP: 2/9
  4121 | D:4      | Noticed a phantom
  4360 | D:4      | Reached skill level 1 in Hexes
  4570 | D:4      | Reached skill level 5 in Conjurations
  4660 | D:4      | Reached XP level 6. HP: 22/32 MP: 5/10
  4847 | D:4      | Found a staircase to the Ecumenical Temple.
  5150 | D:4      | Reached ** piety under Hepliaklqana
  5151 | D:4      | Remembered your ancestor Henutmehyt as a knight
  5282 | D:4      | Killed a phantom
  5395 | D:4      | Found a glowing silver altar of Zin.
  5399 | D:4      | Found a shimmering altar of Xom.
  5403 | D:4      | Found a shadowy altar of Dithmenos.
  5459 | D:4      | Reached XP level 7. HP: 36/36 MP: 7/11
  5885 | D:5      | Entered Level 5 of the Dungeon
  6187 | D:5      | Found a hazy altar of Hepliaklqana.
  6318 | D:5      | Reached skill level 5 in Dodging
  6966 | D:5      | Reached *** piety under Hepliaklqana
  7136 | D:6      | Reached XP level 8. HP: 32/41 MP: 7/12
  7219 | D:6      | Found Utifuiz's Jewellery Emporium.
  7672 | D:6      | Found a snail-covered altar of Cheibriados.
  7776 | D:6      | Reached skill level 5 in Hexes
  8249 | D:7      | Reached XP level 9. HP: 21/45 MP: 13/13
  8412 | D:7      | Learned a level 4 spell: Iskenderun's Mystic Blast
  8775 | D:7      | Learned a level 4 spell: Fulminant Prism
  9809 | D:8      | Noticed a two-headed ogre
  9843 | D:8      | Found a sacrificial altar of Ru.
  9972 | D:8      | Killed a two-headed ogre
  9972 | D:8      | Reached XP level 10. HP: 50/50 MP: 14/14
 10042 | D:8      | Reached **** piety under Hepliaklqana
 10475 | D:8      | Found Quyss's General Store.
 10478 | D:8      | Bought a potion of curing for 42 gold pieces
 11160 | D:9      | Noticed a two-headed ogre
 11171 | D:9      | Killed a two-headed ogre
 11372 | D:9      | Identified Spellweaving, Part One
 11739 | D:9      | Noticed a gargoyle
 11981 | D:9      | Found a bloodstained altar of Trog.
 11981 | D:9      | Found an iron altar of Okawaru.
 12071 | D:9      | Reached skill level 10 in Conjurations
 12099 | D:10     | Entered Level 10 of the Dungeon
 12180 | D:10     | Found a staircase to the Lair.
 12329 | D:10     | Reached ***** piety under Hepliaklqana
 12330 | D:10     | You fall into a shaft and drop 2 floors!
 12338 | D:11     | Found Ucheib's Magic Scroll Boutique.
 12338 | D:11     | Noticed a cyclops
 12577 | D:10     | Learned a level 3 spell: Confuse
 12698 | D:10     | Noticed a two-headed ogre
 12745 | D:10     | Killed a two-headed ogre
 12745 | D:10     | Reached XP level 11. HP: 47/54 MP: 15/15
 13514 | Lair:1   | Entered Level 1 of the Lair of Beasts
 13710 | Lair:1   | Reached skill level 10 in Dodging
 14096 | Lair:1   | Reached skill level 10 in Hexes
 15117 | Lair:2   | Noticed a six-headed hydra
 15187 | Lair:2   | Found a hole to the Spider Nest.
 15507 | Lair:2   | Reached XP level 12. HP: 59/59 MP: 18/18
 15865 | Lair:2   | Reached skill level 5 in Spellcasting
 16825 | Lair:2   | Killed a six-headed hydra
 17094 | Lair:2   | Noticed a six-headed hydra
 17126 | Lair:2   | Killed a six-headed hydra
 18552 | Lair:3   | Noticed an eight-headed hydra
 18584 | Lair:3   | Killed an eight-headed hydra
 18836 | Lair:3   | Reached ****** piety under Hepliaklqana
 19135 | Lair:4   | Noticed a five-headed hydra
 19348 | Lair:4   | Noticed a seven-headed hydra
 19350 | Lair:4   | Reached XP level 13. HP: 63/63 MP: 23/23
 21198 | Lair:4   | Found a staircase to the Shoals.
 23888 | Lair:6   | Entered Level 6 of the Lair of Beasts
 24370 | Lair:6   | Learned a level 4 spell: Force Lance
 24597 | Lair:6   | Reached XP level 14. HP: 68/68 MP: 27/27
 24608 | Lair:6   | Reached skill level 1 in Polearms
 24608 | Lair:6   | Reached skill level 1 in Translocations
 25213 | Lair:6   | Found a staircase to the Slime Pits.
 26145 | D:11     | Bought a scroll of teleportation for 42 gold pieces
 26937 | D:11     | Found Usor Sel's General Store.
 26945 | D:11     | Bought a scroll of enchant weapon for 97 gold pieces
 26945 | D:11     | Bought a potion of invisibility for 104 gold pieces
 27079 | D:11     | Reached skill level 1 in Fighting
 27771 | D:11     | Found a staircase to the Orcish Mines.
 28254 | D:11     | Got a translucent ivory ring
 28388 | D:12     | Identified the ring of Dawn {EV+4 Dex+5} (You found it on
                  | level 11 of the Dungeon)
 28400 | D:12     | Reached skill level 5 in Polearms
 28400 | D:12     | Reached skill level 5 in Translocations
 29161 | D:12     | Found a burning altar of Makhleb.
 30114 | Lair:1   | Identified a scroll of acquirement
 30117 | Lair:1   | Got a jewelled shield
 30123 | Lair:1   | Identified the +4 shield of Hiagh {*Contam rF+ Int+6} (You
                  | acquired it on level 1 of the Lair of Beasts)
 30423 | D:13     | Reached skill level 1 in Shields
 30496 | D:13     | Reached XP level 15. HP: 78/81 MP: 28/28
 30653 | D:13     | Noticed Nessos
 30675 | D:13     | Killed Nessos
 31305 | D:14     | Found a gate to the Vaults.
 32775 | D:14     | Reached skill level 5 in Shields
 33079 | D:15     | Entered Level 15 of the Dungeon
 33155 | D:15     | Reached skill level 10 in Spellcasting
 33195 | D:15     | Reached skill level 1 in Invocations
 33613 | D:15     | Found a blossoming altar of Fedhas.
 34263 | D:15     | Found a staircase to the Depths.
 34869 | Lair:1   | Upgraded the game from 0.24.0-5-g267a8d59f4 to
                  | 0.24.0-7-gb3623d2c88
 34910 | Orc:1    | Entered Level 1 of the Orcish Mines
 34929 | Orc:1    | Noticed Jorgrun
 34935 | Orc:1    | Noticed Erolcha
 34943 | Orc:1    | Killed Erolcha
 34951 | Orc:1    | Killed Jorgrun
 35516 | Orc:2    | Entered Level 2 of the Orcish Mines
 36288 | Orc:2    | Found a staircase to the Elven Halls.
 36685 | Orc:1    | Reached skill level 5 in Invocations
 36731 | Orc:1    | Reached XP level 16. HP: 85/85 MP: 30/30
 37958 | Orc:2    | Reached skill level 5 in Stealth
 38330 | Orc:2    | Found Niedod's Weapon Emporium.
 38330 | Orc:2    | Found Meviotigu's General Store.
 38332 | Orc:2    | Found Hoppihos's Food Emporium.
 38332 | Orc:2    | Found Togougia's Gadget Shop.
 38343 | Orc:2    | Bought a book of Necromancy for 420 gold pieces
 38343 | Orc:2    | Bought a scroll of enchant weapon for 105 gold pieces
 38642 | D:11     | Bought a scroll of summoning for 133 gold pieces
 38642 | D:11     | Bought a scroll of identify for 28 gold pieces
 38648 | D:11     | Bought a scroll of identify for 28 gold pieces
 38797 | Spider:1 | Entered Level 1 of the Spider Nest
 38881 | Lair:4   | Got an iridescent battleaxe
 40939 | Spider:1 | Learned a level 4 spell: Animate Dead
 41038 | Spider:2 | Reached skill level 1 in Necromancy
 41478 | Spider:2 | Identified the cursed +0 battleaxe "Ovvuc" {pain, Str+4}
                  | (You found it on level 4 of the Lair of Beasts)
 41526 | Spider:2 | Reached skill level 10 in Shields
 41926 | Spider:2 | Reached skill level 5 in Necromancy
 43126 | Spider:3 | Learned a level 3 spell: Regeneration
 43927 | Spider:3 | Reached XP level 17. HP: 90/90 MP: 26/31
 44388 | Spider:3 | Reached skill level 1 in Charms
 44553 | Spider:4 | Entered Level 4 of the Spider Nest
 45897 | Spider:4 | Reached skill level 5 in Charms
 45981 | Spider:4 | Reached skill level 10 in Necromancy
 46796 | Spider:4 | Got a gossamer rune of Zot
 47175 | D:6      | Bought an uncursed ring of protection from magic for 300
                  | gold pieces
 47331 | Shoals:1 | Entered Level 1 of the Shoals
 48020 | Shoals:1 | Found Avueg's Antique Armour Shoppe.
 48394 | Shoals:2 | Hit by a silver javelin thrown by a merfolk javelineer

Levels and vault maps discovered:
D:1:      nagdon_arrival_double_spiral, layout_basic
D:2:      layout_basic, lemuel_doored_altar
D:3:      layout_loops_ring, uniq_crazy_yiuf_cottage
D:4:      layout_loops_corners, minmay_overflow_temple_star_quad,
          minmay_temple_entry_glass, first_ration
D:5:      layout_rooms, basic_altar, supply_closet_lemuel, saegor_snake_ambush
D:6:      layout_rooms, cheibrodos_worm_habitat, serial_shops,
          nicolae_shop_behind_doors
D:7:      layout_basic, nicolae_benzene_ring
D:8:      layout_loops_ring, serial_shops, kennysheep_mini, basic_altar,
          hangedman_little_slice_of_home, nicolae_lava_and_water,
          grunt_ministairs_15
D:9:      layout_loops_cross, grunt_temple_overflow_bloody_war
D:10:     layout_basic, lair_entry_dummy, minmay_fractal_squares_gapless_5
D:11:     wad_woods_structure_01, layout_basic, orc_0_dummy, serial_shops,
          nicolae_shop_statue_plus, shop, hangedman_parallel_progression
D:12:     layout_irregular_city, lemuel_hellish_altar
D:13:     layout_roguey, minivault_25, uniq_nessos
D:14:     layout_loops_ring, david_vaults_3, kennysheep_cross_bottleneck,
          portal_ice_cave_entry_pillars_1, grunt_ministairs_1
D:15:     gammafunk_depths_entry_grave, layout_layer_cave, amethyst_killhole,
          tgw_fedhas
Lair:1:   layout_layer_cave, chequers_serial_rivers_small_b,
          chequers_serial_rivers_small_3, infiniplex_staircase_pool_2,
          serial_bayou_shore_a, grunt_megastairs_4, lemuel_fruit_fields
Lair:2:   layout_chaotic_city, spider_nest_entry_web_field,
          bobbens_dragon_lair_wall, lemuel_fruit_tree
Lair:3:   layout_chaotic_city
Lair:4:   layout_cave_pods, minmay_shoals_entry_hut, minmay_lair_oklob_chamber
Lair:5:   layout_small_grid, lemuel_fruit_fields, infiniplex_staircase_pool,
          grunt_megastairs_5
Lair:6:   evilmike_catoblepas_cave, layout_long_grid,
          minmay_slime_entry_pillars, special_room [special_room_mythical_zoo]
Shoals:1: layout_shoals, serial_shops, shop, hangedman_shoal_volcano
Shoals:2: layout_shoals, gammafunk_ghost_necromancy
Spider:1: layout_spider_delve
Spider:2: layout_chambers, hangedman_spider_mandibles
Spider:3: layout_spider_delve, drop_trap, zaba_anthell,
          nicolae_spider_cling_halls
Spider:4: spider_rune_water, nicolae_spider_cling_ruins
Orc:1:    layout_caves, uniq_jorgrun, uniq_erolcha
Orc:2:    grunt_orc_tribal_feast, layout_caves

Skill      XL: |  1  2  3  4  5  6  7  8  9 10 11 12 13 14 15 16 17 |
---------------+----------------------------------------------------+-----
Dodging        | 3 4 5 6 8 9 11 12 13 14 | 14.0
Spellcasting   | 3 4 7 9 10 | 10.0
Hexes          | 1 2 4 5 7 9 10 | 10.0
Conjurations   | 5 6 7 9 10 11 12 13 14 | 14.4
Polearms       | 6 8 |  8.0
Translocations | 6 7 |  7.0
Fighting       | 4 |  4.2
Shields        | 1 7 10 11 | 11.2
Invocations    | 5 |  5.0
Stealth        | 8 |  8.7
Necromancy     | 7 10 | 10.0
Charms         | 6 |  6.3

Action                   |  1- 3 |  4- 6 |  7- 9 | 10-12 | 13-15 | 16-18 || total
-------------------------+-------+-------+-------+-------+-------+-------++-------
Melee: Unarmed           |     9 |       |       |       |       |       ||     9
       Tentacles         |     4 |     6 |     6 |    37 |   128 |    97 ||   278
       Constrict         |     5 |     7 |    15 |    22 |    81 |    89 ||   219
       Short sword       |     9 |    20 |       |       |       |       ||    29
       Dagger            |       |    10 |     5 |     5 |       |       ||    20
       Spear             |       |       |   116 |   250 |   407 |       ||   773
       Demon trident     |       |       |       |       |   307 |   570 ||   877
 Cast: Magic Dart        |    50 |    61 |    68 |    69 |   117 |    34 ||   399
       Searing Ray       |     4 |    14 |     4 |    20 |    13 |       ||    55
       Dazzling Spray    |       |       |     2 |     2 |     2 |     5 ||    11
       Fulminant Prism   |       |       |    10 |    65 |   156 |    89 ||   320
       Iskenderun's Myst |       |       |     2 |       |       |       ||     2
       Confuse           |       |       |       |    55 |   159 |    77 ||   291
       Force Lance       |       |       |       |       |     5 |    14 ||    19
       Animate Dead      |       |       |       |       |       |    33 ||    33
       Regeneration      |       |       |       |       |       |     7 ||     7
Invok: Recall Ancestor   |       |     1 |       |     4 |     8 |     2 ||    15
       Ancestor Life: Kn |       |     1 |       |       |       |       ||     1
Evoke: Wand              |       |       |     8 |     3 |    10 |     4 ||    25
       Sack of spiders   |       |       |       |       |       |     2 ||     2
  Use: Scroll            |     4 |     4 |     3 |    13 |    22 |    17 ||    63
       Potion            |       |       |     2 |     5 |     4 |     9 ||    20
 Stab: Paralysed         |       |       |    17 |       |       |       ||    17
       Sleeping          |       |       |     3 |     3 |     9 |     1 ||    16
       Confused          |       |       |       |    13 |    60 |    48 ||   121
       Distracted        |       |       |       |     1 |    11 |    11 ||    23
       Invisible         |       |       |       |       |     4 |     4 ||     8
  Eat: Chunk             |     5 |     6 |    22 |    27 |    33 |     2 ||    95
       Ration            |       |     1 |     1 |     2 |     9 |    11 ||    24
Armor: Skin              |     2 |     1 |     4 |     3 |     7 |     1 ||    18
Dodge: Dodged            |    23 |    36 |    42 |   177 |   395 |   228 ||   901
Block: Shield            |       |       |       |       |   211 |   289 ||   500
       Reflection        |       |       |       |       |    27 |    13 ||    40
       Other             |       |       |       |       |     3 |       ||     3
